 Dungeon Crawl Stone Soup version 0.28.0-53-g5a82cb258f (webtiles) character file.

Game seed: 15955424283838115602

450215 Zeld the Conqueror (level 22, -3/233 HPs)
             Began as a Minotaur Berserker on May 22, 2022.
             Was a High Priest of Trog.
             Slain by a green draconian
             ... wielding a +3 war axe
              (12 damage)
             ... on level 1 of the Realm of Zot.
             The game lasted 01:19:49 (66686 turns).

Zeld the Conqueror (Minotaur Berserker)            Turns: 66686, Time: 01:19:50

Health: -3/233     AC: 35    Str: 44      XL:     22   Next: 88%
Magic:  16/16      EV: 17    Int:  0 (1)  God:    Trog [*****.]
Gold:   2036       SH:  5    Dex: 15      Spells: 21/21 levels left

rFire   + + +      SeeInvis .   b - +3 executioner's axe "Ifawith" {vorpal, rF++ rN+ Str+2 Int-2}
rCold   + . .      Faith    .   (shield currently unavailable)
rNeg    + . .      Spirit   .   K - +1 crystal plate armour {rC+}
rPois   +          Reflect  +   t - +1 hat "Beoskiugg" {rElec Will+}
rElec   +          Harm     .   f - scarf {repulsion}
rCorr   +          Rampage  .   I - +2 pair of gloves of Cavvei {Fly Str+6}
Will    ++++.                   k - +2 pair of boots
Stlth   ..........              n - amulet of Viuxzu {Reflect Regen+ SH+5}
HPRegen 1.00/turn               O - ring "Abyon" {rPois rCorr Str+6 Dex-2}
MPRegen 0.15/turn               r - ring "Werchiudgh" {rPois Int+3 Dex+6}

@: strong-willed, flying, regenerating, slowed, lost intelligence, repel
missiles, unable to read, very slow
A: horns 2, retaliatory headbutt, talons 1, deterioration 1, dopey 2, fire
resistance 1, low MP 2, inhibited regeneration, weak 1
}: 3/15 runes: serpentine, barnacled, slimy
a: Renounce Religion, Berserk, Trog's Hand, Brothers in Arms


You were on level 1 of the Realm of Zot.
You worshipped Trog.
Trog was extremely pleased with you.
You visited 10 branches of the dungeon, and saw 46 of its levels.
You also visited: Gauntlet and Ice Cave.

You collected 6736 gold pieces.
You spent 4700 gold pieces at shops.

Inventory:

Hand Weapons
 a - a +9 battleaxe of flaming
 b - the +3 executioner's axe "Ifawith" (weapon) {vorpal, rF++ rN+ Str+2 Int-2}
   (You acquired it on level 2 of the Snake Pit)

   It inflicts extra damage upon your enemies.
   Str:       It affects your strength (+2).
   Int:       It affects your intelligence (-2).
   rF:        It greatly protects you from fire.
   rN:        It protects you from negative energy.
Armour
 f - a scarf of repulsion (worn)
 k - a +2 pair of boots (worn)
 t - the +1 hat "Beoskiugg" (worn) {rElec Will+}
   (You found it in a Gauntlet)

   rElec:     It insulates you from electricity.
   Will:      It increases your willpower.
 I - the +2 pair of gloves of Cavvei (worn) {Fly Str+6}
   (You bought it in a shop on level 4 of the Vaults)

   Str:       It affects your strength (+6).
   Fly:       It grants you flight.
 K - a +1 crystal plate armour of cold resistance (worn)
Jewellery
 h - an amulet of regeneration
 n - the amulet of Viuxzu (around neck) {Reflect Regen+ SH+5}
   (You bought it in a shop on level 4 of the Shoals)

   [amulet of reflection]

   It reflects blocked missile attacks.
   Regen:     It increases your rate of health regeneration.
   SH:        It affects your SH (+5).
 r - the ring "Werchiudgh" (right hand) {rPois Int+3 Dex+6}
   (You found it on level 13 of the Dungeon)

   [ring of dexterity]

   Int:       It affects your intelligence (+3).
   Dex:       It affects your dexterity (+6).
   rPois:     It protects you from poison.
 s - the ring "Omesar" {*Slow rElec rCorr Stlth+}
   (You found it on level 3 of the Depths)

   [ring of resist corrosion]

   rElec:     It insulates you from electricity.
   rCorr:     It protects you from acid and corrosion.
   *Slow:     It may slow you when you take damage.
   Stlth:     It makes you more stealthy.
 y - a ring of see invisible
 A - the ring of Botezykh {Ice Int+8}
   (You found it on level 5 of the Pits of Slime)

   [ring of ice]

   It enhances your ice magic.
   Int:       It affects your intelligence (+8).
   rF:        It makes you vulnerable to fire.
   rC:        It protects you from cold.
 O - the ring "Abyon" (left hand) {rPois rCorr Str+6 Dex-2}
   (You bought it in a shop on level 2 of the Snake Pit)

   [ring of resist corrosion]

   Str:       It affects your strength (+6).
   Dex:       It affects your dexterity (-2).
   rPois:     It protects you from poison.
   rCorr:     It protects you from acid and corrosion.
 X - the ring "Ysavarchu" {Fly rC+ MP+9 Int+5}
   (You found it on level 5 of the Pits of Slime)

   [ring of flight]

   Int:       It affects your intelligence (+5).
   rC:        It protects you from cold.
   MP:        It affects your magic capacity (+9).
   Fly:       It grants you flight.
 Z - a ring of flight
Wands
 l - a wand of paralysis (15)
 x - a wand of polymorph (18)
 E - a wand of flame (33)
 G - a wand of charming (7)
 H - a wand of mindburst (20)
 N - a wand of iceblast (11)
 P - a wand of digging (13)
 W - a wand of acid (1)
Scrolls
 d - 11 scrolls of identify
 e - 4 scrolls of blinking
 i - 12 scrolls of fear
 v - 17 scrolls of teleportation
 w - a scroll of enchant armour
 Q - 2 scrolls of silence
 S - 2 scrolls of summoning
 T - a scroll of brand weapon
 U - a scroll of holy word
 V - 2 scrolls of magic mapping
Potions
 c - 16 potions of curing
 g - 9 potions of berserk rage
 j - 6 potions of haste
 m - 5 potions of mutation
 o - a potion of cancellation
 p - 8 potions of might
 q - 6 potions of invisibility
 z - 7 potions of ambrosia
 C - 8 potions of magic
 D - 6 potions of flight
 R - 8 potions of resistance
Miscellaneous
 u - a box of beasts
 F - a condenser vane
 J - a phial of floods
 L - a lightning rod (4/4)
 M - a piece from Xom's chessboard (15/15)
 Y - a phantom mirror


   Skills:
 O Level 27 Fighting
 - Level 24.0 Axes
 * Level 18.9 Armour
 * Level 18.3 Dodging
 * Level 17.7 Evocations


You had 21 spell levels left.
You didn't know any spells.
Your spell library was empty.

Dungeon Overview and Level Annotations

Branches:
Dungeon (15/15)            Temple (1/1) D:7            Lair (6/6) D:11
 Shoals (4/4) Lair:4        Snake (4/4) Lair:4        Slime (5/5) Lair:5
    Orc (2/2) D:12            Elf (0/3) Orc:2        Vaults (4/5) D:14
  Crypt (0/3) Vaults:2     Depths (4/4) D:15            Zot (1/5) Depths:4
  IceCv (visited)         Gauntlet (visited)

Altars:
Ashenzari
Cheibriados
Dithmenos
Elyvilon
Fedhas
Gozag
Hepliaklqana
Kikubaaqudgha
Makhleb
Nemelex Xobeh
Okawaru
Qazlal
Ru
Sif Muna
Trog
Uskayaw
Vehumet
Wu Jian
Xom
Yredelemnul
Zin
The Shining One
Jiyva

Shops:
D:11 (   Orc:1 *   Orc:2 ((!:*   Shoals:4 =   Snake:1 !   Snake:2 =
Vaults:3 [   Vaults:4 =[[   Depths:1 *

Portals:
Hell: Depths:1 Depths:2 Depths:3 Depths:4
Abyss: Depths:1 Depths:3
Pandemonium: Depths:2
Ziggurat: Depths:3

Annotations:
Depths:1 2 runed translucent doors
Depths:2 1 runed translucent door


Innate Abilities, Weirdness & Mutations

You have a pair of horns on your head.
You reflexively headbutt those who attack you in melee.
You have sharp toenails.
Your body sometimes deteriorates upon taking damage.
You are very dopey. (Int -4)
Your flesh is heat resistant. (rF+)
Your magical capacity is very low. (-20% MP)
You do not regenerate when monsters are visible.
You are weak. (Str -2)


Message History

The black draconian hits you but does no damage.
The komodo dragon barely misses you. You furiously retaliate!
You headbutt the komodo dragon!
You kill the komodo dragon!
The komodo dragon's corpse disappears in a puff of smoke!
Unknown command.
Unknown command.
You slash the white draconian stormcaller!
The white draconian stormcaller is severely wounded.
The white draconian stormcaller hits you but does no damage.
The black draconian barely misses you.
Unknown command.
Unknown command.
Unknown command.
You slice the white draconian stormcaller!!
You headbutt the white draconian stormcaller!
You kill the white draconian stormcaller!
Trog accepts your kill. The black draconian barely misses you.
Unknown command.
Unknown command.
Unknown command.
The black draconian closely misses you. You furiously retaliate!
You headbutt the black draconian.
Things that are here:
a +0 rapier; a +0 cloak; a white draconian corpse Unknown command.
You barely miss the green draconian. You slash the black draconian!
The green draconian barely misses you. You furiously retaliate!
You headbutt the green draconian. The green draconian tail-slaps you!
* * * LOW HITPOINT WARNING * * *
The black draconian hits you but does no damage.
Unknown command.
Unknown command.
You completely miss the green draconian.
The green draconian is lightly wounded.
You chop the black draconian into pieces!!!
You hear a roar!
The green draconian hits you with a +3 war axe!
You die...

...............#
##########.....#
.....## #.....#
......#
#.....###
#######
#####.#.. #.#.#
#.#.# #####.#d#
#.....d@#
#.....))#
#.......#
#####.#.# #.#.#
#.#)# #.#.#
#.#.# .....


You could see a black draconian and a green draconian.

Vanquished Creatures
  the Royal Jelly (Slime:5)
  Mara (Shoals:4)
  Boris (Depths:4)
  Saint Roka (Depths:4)
  4 golden dragons
  2 bone dragons (D:15)
  Rupert (D:14)
  A doom hound (D:15)
  A Tzitzimitl (D:15)
  2 hellephants (Depths:1)
  A walking earthen tome (Depths:1)
  Jorgrun (D:14)
  2 tentacled monstrosities
  4 titans
  A deep elf master archer (Depths:1)
  A quicksilver dragon (Zot:1)
  A deep elf blademaster (D:15)
  16 acid blobs
  3 death cobs (Zot:1)
  2 sphinxes
  2 tengu reavers
  The ghost of Himmaryad the Brawler, an adept TrMo of Nemelex Xobeh (Depths:3)
  2 shadow dragons
  Donald (Shoals:1)
  11 azure jellies
  A draconian monk (Depths:4)
  A storm dragon (Zot:1)
  8 rockslimes
  8 nagarajas
  7 frost giants
  A revenant (Vaults:2)
  2 fire giants
  6 vault wardens
  Louise (Snake:1)
  A draconian scorcher (Depths:4)
  A draconian knight (Zot:1)
  A cacodemon (Depths:4)
  A draconian stormcaller (Zot:1)
  2 orc warlords
  12 ironbound preservers
  Aizul (Snake:1)
  10 stone giants
  12 quicksilver oozes
  3 war gargoyles
  A draconian annihilator (Zot:1)
  2 draconian shifters (Zot:1)
  13 very ugly things
  12 ironbound thunderhulks
  4 vampire knights
  5 dire elephants
  2 green draconians
  3 entropy weavers (Vaults:3)
  4 red draconians (Zot:1)
  A minotaur (Gauntlet)
  2 yellow draconians (Zot:1)
  2 black draconians
  5 spark wasps (Depths:1)
  A putrid mouth (Depths:1)
  3 purple draconians
  The ghost of Xeymp the Imperceptible, a journeyman SpEn of Gozag (D:13)
  2 crystal guardians (Vaults:4)
  The ghost of pkoi the Zephyrmancer, a journeyman DgAE (Lair:4)
  8 ettins
  5 merfolk javelineers
  2 green deaths (Depths:4)
  7 fire dragons
  13 great orbs of eyes
  14 merfolk impalers
  4 yaktaur captains (Vaults:2)
  Josephine (Shoals:1)
  Fannar (Orc:1)
  7 ice dragons
  15 naga warriors
  8 vault guards
  13 hydras
  4 peacekeepers
  3 ogre magi
  5 rakshasas
  A hell beast (Depths:4)
  2 merfolk avatars
  4 spriggan air magi
  3 salamander tyrants (Snake:4)
  A catoblepas (Lair:5)
  3 boulder beetles
  8 ironbound frosthearts
  11 anacondas
  4 alligator snapping turtles (Shoals:4)
  3 centaur warriors
  2 dancing weapons (D:14)
  14 two-headed ogres
  3 merfolk aquamancers
  A death knight (D:12)
  4 satyrs
  5 death yaks (Lair:4)
  10 deep troll earth magi
  8 deep troll shamans
  3 spriggan berserkers
  5 tengu warriors
  A shock serpent (shapeshifter) (Gauntlet)
  A storm dragon zombie (Depths:1)
  2 sun demons
  10 shock serpents
  Nergalle (D:10)
  4 naga sharpshooters
  6 hell knights (Depths:2)
  3 sixfirhies (Depths:4)
  A soul eater (Vaults:2)
  4 salamander mystics
  7 iron trolls
  58 deep trolls
  A sea snake (shapeshifter) (Depths:4)
  A tengu zombie (Depths:1)
  6 shadow wraiths (Depths:3)
  13 sea snakes
  10 ironbound convokers
  4 flayed ghosts
  2 bog bodies (IceCv)
  2 orange crystal statues
  2 obsidian statues
  10 lindwurms
  12 wizards
  5 necromancers
  5 naga ritualists
  3 phantasmal warriors
  6 mana vipers
  2 deep elf pyromancers
  16 harpies
  3 orc knights (Vaults:1)
  7 shining eyes
  A fire giant zombie (Vaults:1)
  30 ugly things
  11 fauns
  2 oklob plants
  14 manticores
  3 orc sorcerers (Orc:1)
  8 cyclopes
  2 frost giant skeletons (Depths:1)
  23 salamanders
  3 moths of wrath (Zot:1)
  8 merfolk sirens
  A stone giant skeleton (Depths:1)
  An eye of devastation (Slime:3)
  A fire giant skeleton (Depths:1)
  7 guardian serpents
  34 black mambas
  13 elephants
  13 naga magi
  An orange demon (Depths:4)
  3 torpor snails
  An ice statue (IceCv)
  2 water nymphs
  2 gargoyles
  12 cane toads
  9 vault sentinels
  4 rime drakes (Lair:3)
  A kobold demonologist (D:11)
  A hellion (Depths:4)
  A rime drake (shapeshifter) (D:15)
  8 komodo dragons
  A freezing wraith (Lair:3)
  2 unseen horrors
  18 yaktaurs
  A tormentor (D:15)
  2 ice devils (D:12)
  An anaconda simulacrum (IceCv)
  3 tengu conjurers
  3 entropy weaver simulacra (IceCv)
  A spriggan skeleton (Depths:1)
  14 trolls
  10 polar bears
  A queen bee (Lair:2)
  31 merfolk
  A meliai (shapeshifter) (D:15)
  A tengu simulacrum (Vaults:1)
  4 harpy zombies (Shoals:1)
  4 wind drakes
  6 hornets
  4 blink frogs
  57 slime creatures
  20 dream sheep
  9 snapping turtles
  A meliai zombie (D:10)
  An iron dragon simulacrum (Depths:1)
  14 spriggans
  A ynoxinul (Depths:4)
  A spriggan (shapeshifter) (Depths:3)
  A vampire (D:10)
  5 wraiths
  A yak (shapeshifter) (D:12)
  10 wyverns
  18 water elementals
  A human (shapeshifter) (D:15)
  10 basilisks
  66 yaks
  2 dire elephant simulacra (IceCv)
  7 neqoxecs
  9 golden eyes
  A hog (Snake:3)
  2 steam dragons
  12 vampire mosquitoes
  A harpy simulacrum (IceCv)
  A redback (Vaults:3)
  3 wargs
  2 death yak simulacra (IceCv)
  4 swamp worms (Lair:5)
  3 large abominations (Gauntlet)
  37 nagas
  22 water moccasins
  An acid dragon (D:11)
  Duvessa (D:6)
  21 orc warriors
  A hornet zombie (D:5)
  2 ice beasts
  8 black bears
  4 necrophages
  A sky beast (D:5)
  An ettin simulacrum (Vaults:3)
  The ghost of Shockd the Insei, an amateur DgTm (D:3)
  25 ogres
  30 wolves
  9 boggarts
  8 centaurs
  A phantom (D:7)
  13 bullfrogs
  8 two-headed ogre simulacra
  3 gnoll sergeants
  5 scorpions
  A wyvern zombie (D:6)
  2 cane toad simulacra (IceCv)
  A wyvern skeleton (D:6)
  Dowan (D:6)
  34 killer bees
  An elephant simulacrum (IceCv)
  4 electric eels (Lair:6)
  21 wights
  A howler monkey (D:7)
  2 centaur zombies
  3 quasits (D:13)
  17 orc priests
  3 hounds
  4 jellies
  2 bullfrog skeletons (D:5)
  3 centaur skeletons (D:7)
  A gnoll shaman (Orc:1)
  Jessica (D:2)
  Natasha (D:2)
  24 orc wizards
  3 iguanas
  2 hell rats (Lair:6)
  8 spriggan simulacra
  2 troll simulacra (IceCv)
  A killer bee zombie (D:7)
  3 polar bear simulacra (IceCv)
  6 small abominations (Gauntlet)
  A wolf simulacrum (IceCv)
  11 adders
  26 gnolls
  7 naga simulacra (IceCv)
  A river rat (Lair:2)
  A shadow imp (D:5)
  6 white imps (IceCv)
  4 ufetubi (IceCv)
  An adder skeleton (D:4)
  2 worms
  2 dart slugs
  67 orcs
  9 ball pythons
  6 endoplasms
  3 giant cockroaches
  8 goblins
  9 hobgoblins
  6 jackals
  4 quokkas
  4 bats
  A frilled lizard (D:2)
  9 kobolds
  A quokka skeleton (D:4)
  3 rats
  10 briar patches (Lair:5)
  A fire vortex (Depths:3)
  A plant (Lair:5)
1769 creatures vanquished.

Vanquished Creatures (collateral kills)
  A fire dragon (Depths:1)
  A boulder beetle (D:11)
  A hydra (Lair:4)
  A two-headed ogre (D:12)
  A bog body (Lair:3)
  An ironbound convoker (Vaults:2)
  An orc knight (Vaults:1)
  7 oklob plants (Lair:5)
  A faun (Shoals:3)
  A manticore (Shoals:3)
  2 rime drakes (Lair:3)
  A polar bear (Lair:3)
  2 wind drakes (Shoals:3)
  3 slime creatures (Slime:5)
  A two-headed ogre simulacrum (Lair:3)
  An elephant simulacrum (Lair:3)
  A troll simulacrum (Lair:3)
  A wolf simulacrum (Lair:3)
  A naga simulacrum (Lair:3)
  A white imp (Lair:3)
30 creatures vanquished.

Vanquished Creatures (others)
  A very ugly thing (Depths:2)
  A hell knight (Vaults:1)
  An ugly thing (Depths:2)
  A salamander (Snake:4)
  2 merfolk
  12 fungi
  174 plants
  4 withered plants (Depths:4)
196 creatures vanquished.

Grand Total: 1995 creatures vanquished

Notes
Turn   | Place    | Note
-------+----------+-------------------------------------------
     0 | D:1      | Zeld the Minotaur Berserker began the quest for the Orb.
     0 | D:1      | Reached XP level 1. HP: 19/19 MP: 0/0
    74 | D:1      | You fall into a shaft and drop 1 floor!
    89 | D:2      | Noticed Jessica
    94 | D:2      | Killed Jessica
    95 | D:2      | Reached skill level 4 in Fighting
    95 | D:2      | Reached XP level 2. HP: 18/27 MP: 1/1
    95 | D:2      | Reached XP level 3. HP: 23/33 MP: 2/2
   955 | D:2      | Found an opulent altar of Gozag.
  1004 | D:2      | Reached ** piety under Trog
  1061 | D:2      | Noticed Natasha
  1064 | D:2      | Reached XP level 4. HP: 41/41 MP: 3/3
  1068 | D:2      | Killed Natasha
  1750 | D:3      | Reached skill level 5 in Fighting
  1750 | D:3      | Reached skill level 5 in Axes
  1750 | D:3      | Reached XP level 5. HP: 43/48 MP: 4/4
  2007 | D:3      | Found a transporter.
  2008 | D:3      | Found a transporter.
  2009 | D:3      | Noticed Shockd's ghost (amateur DgTm)
  2010 | D:3      | Identified the +9 dire flail of the Jolly Hells {freeze,
                  | rPois rN+}
  2010 | D:3      | Noticed an ogre
  2015 | D:3      | Noticed an ogre
  2474 | D:3      | Killed an ogre
  2475 | D:3      | Reached XP level 6. HP: 56/57 MP: 5/5
  2483 | D:3      | Killed Shockd's ghost
  2484 | D:3      | Reached skill level 6 in Fighting
  2836 | D:4      | Reached XP level 7. HP: 63/63 MP: 6/6
  2841 | D:4      | Found a radiant altar of Vehumet.
  2853 | D:4      | Reached *** piety under Trog
  3071 | D:4      | Found a blossoming altar of Fedhas.
  3080 | D:4      | Found a hazy altar of Hepliaklqana.
  3273 | D:4      | Reached skill level 7 in Fighting
  3670 | D:4      | Reached skill level 5 in Armour
  3670 | D:4      | Reached XP level 8. HP: 73/73 MP: 7/7
  3881 | D:5      | Entered Level 5 of the Dungeon
  4186 | D:5      | Reached **** piety under Trog
  4187 | D:5      | Reached skill level 8 in Fighting
  4282 | D:5      | Reached skill level 5 in Dodging
  5036 | D:6      | Reached skill level 9 in Fighting
  5036 | D:6      | Reached XP level 9. HP: 78/83 MP: 8/8
  5407 | D:6      | Noticed Duvessa
  5408 | D:6      | Noticed Dowan
  5412 | D:6      | Killed Duvessa
  5424 | D:6      | Killed Dowan
  5605 | D:7      | Found a staircase to the Ecumenical Temple.
  5628 | Temple   | Entered the Ecumenical Temple
  5723 | D:7      | Reached skill level 10 in Fighting
  5723 | D:7      | Reached skill level 10 in Axes
  6045 | D:7      | Noticed a gargoyle
  6054 | D:7      | Killed a gargoyle
  6059 | D:7      | Reached XP level 10. HP: 94/94 MP: 9/9
  6332 | D:8      | Noticed a two-headed ogre
  6336 | D:8      | Killed a two-headed ogre
  6337 | D:8      | Reached skill level 11 in Fighting
  6385 | D:8      | Reached ***** piety under Trog
  6595 | D:8      | Found the ring of the Hare {EV+8}
  7501 | D:9      | Noticed a deep elf pyromancer
  7501 | D:9      | Noticed a boulder beetle
  7506 | D:9      | Killed a deep elf pyromancer
  7511 | D:9      | Killed a boulder beetle
  7512 | D:9      | Reached skill level 12 in Fighting
  7879 | D:9      | Reached XP level 11. HP: 47/104 MP: 10/10
  8144 | D:9      | Found a sparkling altar of Nemelex Xobeh.
  8148 | D:9      | Found a shimmering altar of Xom.
  8152 | D:9      | Found a stormy altar of Qazlal.
  8689 | D:9      | Received a gift from Trog
  8936 | D:10     | Entered Level 10 of the Dungeon
  9092 | D:10     | Noticed Nergalle
  9108 | D:10     | Killed Nergalle
  9199 | D:10     | Reached skill level 13 in Fighting
 10071 | D:11     | Noticed a boulder beetle
 10086 | D:11     | Found the +6 lightning scales {swift, rElec}
 10141 | D:11     | Killed a boulder beetle
 10334 | D:11     | Noticed a two-headed ogre
 10340 | D:11     | Killed a two-headed ogre
 10490 | D:11     | Found a gate leading to a gauntlet.
 10497 | Gauntlet | Entered a Gauntlet
 10497 | Gauntlet | Found a transporter.
 10497 | Gauntlet | Found a transporter.
 10501 | Gauntlet | Found a transporter.
 10501 | Gauntlet | Found a transporter.
 10504 | Gauntlet | Noticed a sixfirhy
 10510 | Gauntlet | Found a transporter.
 10524 | Gauntlet | Noticed a sixfirhy
 10524 | Gauntlet | Noticed a sixfirhy
 10527 | Gauntlet | Noticed a sixfirhy
 10531 | Gauntlet | Found a transporter.
 10539 | Gauntlet | Found a transporter.
 10539 | Gauntlet | Found a transporter.
 10541 | Gauntlet | Noticed a sixfirhy
 10543 | Gauntlet | Found a transporter.
 10548 | Gauntlet | Noticed an orange crystal statue
 10570 | Gauntlet | Found a transporter.
 10577 | Gauntlet | Found a transporter.
 10595 | Gauntlet | Found a transporter.
 10602 | Gauntlet | Noticed an ettin
 10630 | Gauntlet | Found a transporter.
 10632 | Gauntlet | Noticed a death scarab
 10640 | Gauntlet | Noticed a death scarab
 10652 | Gauntlet | Found a transporter.
 10662 | Gauntlet | Noticed a sixfirhy
 10734 | Gauntlet | Noticed a spark wasp
 10739 | Gauntlet | Noticed a jorogumo
 10739 | Gauntlet | a spark wasp changed into a jorogumo
 10746 | Gauntlet | Found a transporter.
 10767 | Gauntlet | Found a transporter.
 10769 | Gauntlet | Noticed an orange crystal statue
 10824 | Gauntlet | Noticed an anaconda
 10853 | Gauntlet | Noticed a shock serpent
 10853 | Gauntlet | an anaconda changed into a shock serpent
 10857 | Gauntlet | Killed a shock serpent
 10893 | Gauntlet | Identified the +0 cloak "Xeckiuge" {-Cast rElec Dex+4}
 11045 | Gauntlet | Reached XP level 12. HP: 116/116 MP: 11/11
 11048 | Gauntlet | Reached skill level 14 in Fighting
 11183 | Gauntlet | Reached skill level 10 in Armour
 11232 | Gauntlet | Identified the +1 hat "Beoskiugg" {rElec Will+}
 11245 | Gauntlet | Identified the +8 spear of Eternity {elec, rC- rCorr Str+3}
 11261 | Gauntlet | Noticed a minotaur
 11271 | Gauntlet | Killed a minotaur
 11484 | D:11     | Found a staircase to the Lair.
 11560 | D:11     | Found Ceowkehe's Antique Weapon Boutique.
 11929 | D:12     | Found a frozen archway.
 12085 | IceCv    | Entered an ice cave
 13848 | IceCv    | Reached skill level 15 in Fighting
 13848 | IceCv    | Reached skill level 15 in Axes
 14512 | D:12     | Found a staircase to the Orcish Mines.
 14565 | D:12     | Reached skill level 10 in Dodging
 14646 | D:12     | Noticed a two-headed ogre
 14651 | D:12     | Killed a two-headed ogre
 14651 | D:12     | Received a gift from Trog
 14689 | D:12     | Found a runed translucent door.
 14690 | D:12     | Noticed a deep troll earth mage
 14873 | D:12     | Noticed a centaur warrior
 14875 | D:12     | Killed a deep troll earth mage
 14879 | D:12     | Killed a centaur warrior
 14911 | D:12     | Noticed an ettin
 14916 | D:12     | Killed an ettin
 14917 | D:12     | Reached XP level 13. HP: 90/127 MP: 12/12
 15791 | D:13     | Reached skill level 16 in Fighting
 16742 | D:13     | Noticed Xeymp's ghost (journeyman SpEn)
 16743 | D:13     | Found a transporter.
 16815 | D:13     | Found a transporter.
 17373 | D:13     | Killed Xeymp's ghost
 17378 | D:13     | Got the ring "Werchiudgh" {rPois Int+3 Dex+6}
 17932 | D:14     | Noticed Jorgrun
 17946 | D:14     | Killed Jorgrun
 17947 | D:14     | Reached skill level 17 in Fighting
 18070 | D:14     | Noticed an azure jelly
 18072 | D:14     | Found a viscous altar of Jiyva.
 18149 | D:14     | Found a transporter.
 18661 | D:14     | Reached XP level 14. HP: 135/140 MP: 13/13
 18705 | D:14     | Noticed Rupert
 18705 | D:14     | Paralysed by Rupert for 7 turns
 18720 | D:14     | Killed Rupert
 18789 | D:14     | Found a gate to the Vaults.
 19151 | D:14     | Found a transporter.
 19247 | D:15     | Entered Level 15 of the Dungeon
 20269 | D:15     | Found an ancient bone altar of Kikubaaqudgha.
 20711 | D:15     | Found a staircase to the Depths.
 20933 | Lair:1   | Entered Level 1 of the Lair of Beasts
 21215 | Lair:1   | Reached skill level 18 in Fighting
 21377 | Lair:1   | Found a burning altar of Makhleb.
 22293 | Lair:2   | Received a gift from Trog
 23269 | Lair:3   | Reached XP level 15. HP: 150/150 MP: 14/14
 24618 | Lair:4   | Reached skill level 19 in Fighting
 24733 | Lair:4   | Found a runed translucent gate.
 24733 | Lair:4   | Found a runed translucent gate.
 24734 | Lair:4   | Found a runed translucent gate.
 24736 | Lair:4   | Noticed pkoi's ghost (journeyman DgAE)
 24752 | Lair:4   | Killed pkoi's ghost
 24768 | Lair:4   | Identified the +2 war axe "Hioriash" {vorpal, Will++}
 24783 | Lair:4   | Found a staircase to the Shoals.
 25009 | Lair:4   | Found a staircase to the Snake Pit.
 25117 | Lair:4   | Received a gift from Trog
 26085 | Lair:5   | Found a transporter.
 26104 | Lair:5   | Found a transporter.
 26121 | Lair:5   | Found a staircase to the Slime Pits.
 26975 | Lair:5   | Identified the +0 helmet of Kyjij {Int+5}
 27039 | Lair:6   | Entered Level 6 of the Lair of Beasts
 27250 | Lair:6   | Identified the +10 battleaxe of Jeedaloa {vorpal, rF+ rC+}
                  | (Trog gifted it to you on level 6 of the Lair of Beasts)
 27250 | Lair:6   | Received a gift from Trog
 27717 | Lair:6   | Reached skill level 20 in Fighting
 27881 | Lair:6   | Reached XP level 16. HP: 162/162 MP: 15/15
 30110 | Orc:1    | Entered Level 1 of the Orcish Mines
 30582 | Orc:1    | Found Abaap's CLEARANCE SALE!.
 30625 | Orc:1    | Noticed Fannar
 30637 | Orc:1    | Killed Fannar
 30647 | Orc:1    | Received a gift from Trog
 31014 | Orc:2    | Entered Level 2 of the Orcish Mines
 31051 | Orc:2    | Reached skill level 1 in Evocations
 31506 | Orc:2    | Found Cifeunam's Distillery.
 31762 | Orc:2    | Found Inkef's Weapon Shoppe.
 31766 | Orc:2    | Bought a potion of magic for 96 gold pieces
 31766 | Orc:2    | Bought a potion of mutation for 96 gold pieces
 31766 | Orc:2    | Bought a potion of mutation for 96 gold pieces
 31766 | Orc:2    | Bought a potion of mutation for 96 gold pieces
 31766 | Orc:2    | Bought a potion of curing for 36 gold pieces
 31766 | Orc:2    | Bought a potion of berserk rage for 60 gold pieces
 31766 | Orc:2    | Bought a potion of heal wounds for 60 gold pieces
 31768 | Orc:2    | Found Maxoeqo's Book Boutique.
 31769 | Orc:2    | Found Inahaba's Antique Weapon Shop.
 31777 | Orc:2    | Bought a scorched whip for 202 gold pieces
 31777 | Orc:2    | Identified the +7 whip of Vuty {freeze, rPois} (You bought
                  | it in a shop on level 2 of the Orcish Mines)
 31819 | Orc:2    | Found Runuam's Assorted Antiques.
 31830 | Orc:2    | Bought a condenser vane for 760 gold pieces
 31830 | Orc:2    | Bought a scroll of enchant armour for 142 gold pieces
 31830 | Orc:2    | Bought a scroll of identify for 38 gold pieces
 31830 | Orc:2    | Bought a wand of paralysis (6) for 38 gold pieces
 31830 | Orc:2    | Bought 2 potions of berserk rage for 190 gold pieces
 31982 | Orc:2    | Found a staircase to the Elven Halls.
 32408 | Snake:1  | Entered Level 1 of the Snake Pit
 32414 | Snake:1  | Reached skill level 15 in Armour
 33363 | Snake:1  | Noticed Louise
 33366 | Snake:1  | Found Houclott's Distillery.
 33367 | Snake:1  | Noticed Aizul
 33382 | Snake:1  | Killed Aizul
 33383 | Snake:1  | Reached skill level 21 in Fighting
 33385 | Snake:1  | Killed Louise
 33720 | Snake:1  | Bought a potion of heal wounds for 50 gold pieces
 33720 | Snake:1  | Bought a potion of heal wounds for 50 gold pieces
 33720 | Snake:1  | Bought a potion of cancellation for 80 gold pieces
 33720 | Snake:1  | Bought a potion of ambrosia for 80 gold pieces
 33720 | Snake:1  | Bought a potion of magic for 80 gold pieces
 33720 | Snake:1  | Bought a potion of curing for 30 gold pieces
 33720 | Snake:1  | Bought a potion of flight for 30 gold pieces
 34256 | Snake:2  | Identified a scroll of acquirement
 34259 | Snake:2  | Acquired 678 gold pieces
 34283 | Snake:2  | Found Ozoaf's One-of-a-Kind Rings.
 34329 | Snake:2  | Bought the ring "Abyon" {rPois rCorr Str+6 Dex-2} for 554
                  | gold pieces
 34352 | Snake:2  | Acquired the +3 executioner's axe "Ifawith" {vorpal, rF++
                  | rN+ Str+2 Int-2}
 34529 | Snake:2  | Reached XP level 17. HP: 156/173 MP: 16/16
 34775 | Snake:3  | Reached ****** piety under Trog
 34779 | Snake:3  | Reached skill level 5 in Evocations
 35106 | Snake:3  | Received a gift from Trog
 36165 | Snake:4  | Entered Level 4 of the Snake Pit
 36763 | Snake:4  | Found a sacrificial altar of Ru.
 37545 | Snake:4  | Reached skill level 22 in Fighting
 37581 | Snake:4  | Received a gift from Trog
 39078 | Snake:4  | Got a serpentine rune of Zot
 39378 | Shoals:1 | Entered Level 1 of the Shoals
 39399 | Shoals:1 | Noticed Josephine
 39412 | Shoals:1 | Killed Josephine
 40091 | Shoals:1 | Reached XP level 18. HP: 161/185 MP: 17/17
 40200 | Shoals:1 | Noticed Donald
 40218 | Shoals:1 | Killed Donald
 40423 | Shoals:1 | Reached skill level 15 in Dodging
 41690 | Shoals:2 | Received a gift from Trog
 42994 | Shoals:4 | Entered Level 4 of the Shoals
 43044 | Shoals:4 | Identified the +0 acid dragon scales of the Earth {*Slow
                  | rN+ rCorr Dex+4}
 43577 | Shoals:4 | Identified the amulet of Pirirah {RegenMP Slay+3}
 45148 | Shoals:4 | Reached skill level 23 in Fighting
 45453 | Shoals:4 | Received a gift from Trog
 46078 | Shoals:4 | Found Qewkikke's Jewellery Shop.
 46087 | Shoals:4 | Bought the amulet of Viuxzu {Reflect Regen+ SH+5} for 703
                  | gold pieces
 46606 | Shoals:4 | Noticed Mara
 46609 | Shoals:4 | Noticed Zeld's illusion
 46624 | Shoals:4 | Killed Mara
 47191 | Shoals:4 | Got a barnacled rune of Zot
 48029 | Vaults:1 | Entered Level 1 of the Vaults
 48168 | Vaults:1 | Gained mutation: You are partially covered in large bone
                  | plates. (SH +4) [potion of mutation]
 48168 | Vaults:1 | Gained mutation: Your mind is acute. (Int +2) [potion of
                  | mutation]
 48168 | Vaults:1 | Gained mutation: You are resistant to electric shocks.
                  | (rElec) [potion of mutation]
 48168 | Vaults:1 | Gained mutation: You have a pair of large horns on your
                  | head. [potion of mutation]
 48169 | Vaults:1 | Lost mutation: You are resistant to electric shocks.
                  | (rElec) [potion of mutation]
 48169 | Vaults:1 | Lost mutation: Your mind is acute. (Int +2) [potion of
                  | mutation]
 48169 | Vaults:1 | Lost mutation: You are partially covered in large bone
                  | plates. (SH +4) [potion of mutation]
 48169 | Vaults:1 | Lost mutation: You have a pair of large horns on your head.
                  | [potion of mutation]
 48169 | Vaults:1 | Gained mutation: You have sharp toenails. [potion of
                  | mutation]
 48169 | Vaults:1 | Gained mutation: You are agile. (Dex +2) [potion of
                  | mutation]
 48169 | Vaults:1 | Gained mutation: Your flesh is heat resistant. (rF+)
                  | [potion of mutation]
 48315 | Vaults:1 | Reached skill level 10 in Evocations
 48401 | Vaults:1 | Identified the +6 war axe "Faosost" {antimagic, Str+3
                  | Dex+2} (Trog gifted it to you on level 1 of the Vaults)
 48401 | Vaults:1 | Received a gift from Trog
 48699 | Vaults:1 | Paralysed by an ogre mage for 2 turns
 48703 | Vaults:1 | Reached XP level 19. HP: 156/196 MP: 18/18
 49925 | Vaults:2 | Reached skill level 24 in Fighting
 50188 | Vaults:2 | Received a gift from Trog
 50742 | Vaults:2 | Paralysed by a great orb of eyes for 2 turns
 50931 | Vaults:2 | Found a staircase to the Crypt.
 52289 | Vaults:3 | Reached skill level 25 in Fighting
 52300 | Vaults:3 | Received a gift from Trog
 52783 | Vaults:3 | Reached XP level 20. HP: 187/210 MP: 19/19
 53067 | Vaults:3 | Found Exollewn's Armour Emporium.
 54423 | Vaults:4 | Received a gift from Trog
 54754 | Vaults:4 | Found Xifom's Jewellery Boutique.
 54754 | Vaults:4 | Found Felae's Antique Armour Boutique.
 54765 | Vaults:4 | Found Taor's Armour Boutique.
 54780 | Vaults:4 | Bought the +2 pair of gloves of Cavvei {Fly Str+6} for 470
                  | gold pieces
 55788 | Depths:1 | Entered Level 1 of the Depths
 55801 | Depths:1 | Reached skill level 26 in Fighting
 55859 | Depths:1 | Identified the +1 shadow dragon scales "Vebrunke" {rCorr
                  | MP+9 Dex+3 Stlth++++}
 55859 | Depths:1 | Identified the +9 longbow of Popular Demand {freeze, rC+
                  | Will- Int+4}
 55859 | Depths:1 | Noticed a doom hound
 55871 | Depths:1 | Noticed a bone dragon
 55878 | D:15     | Noticed a bone dragon
 55885 | D:15     | Killed a bone dragon
 56171 | D:15     | Killed a bone dragon
 56460 | D:15     | Killed a doom hound
 56792 | Depths:1 | Found a gateway to Hell.
 56852 | Depths:1 | Identified the +1 hand crossbow of Dim Light {flame, Int+4}
 56906 | Depths:1 | Received a gift from Trog
 56930 | Depths:1 | Found Korheem's Specific Store.
 56931 | Depths:1 | Found Kezxett's General Store.
 56935 | Depths:1 | Bought a wand of acid (1) for 170 gold pieces
 56935 | Depths:1 | Bought a scroll of teleportation for 51 gold pieces
 56935 | Depths:1 | Bought a wand of polymorph (4) for 102 gold pieces
 56939 | Depths:1 | Bought a piece from Xom's chessboard (15/15) for 340 gold
                  | pieces
 57238 | Depths:1 | Found a one-way gate to the infinite horrors of the Abyss.
 57264 | Depths:1 | Found a runed translucent door.
 57392 | Depths:1 | Identified the ring "Noli" {Wiz rN+}
 57395 | Depths:1 | Reached skill level 15 in Evocations
 57583 | Depths:1 | Reached XP level 21. HP: 186/215 MP: 20/20
 57683 | Depths:1 | Found a runed translucent door.
 57750 | Depths:1 | Reached skill level 27 in Fighting
 58779 | Depths:2 | Received a gift from Trog
 59431 | Depths:2 | Found a runed translucent door.
 59534 | Depths:2 | Found a one-way gate leading to the halls of Pandemonium.
 60097 | Depths:3 | Found a runed translucent gate.
 60098 | Depths:3 | Found a runed translucent gate.
 60099 | Depths:3 | Found a runed translucent gate.
 60106 | Depths:3 | Noticed Himmaryad's ghost (adept TrMo)
 60217 | Depths:3 | Killed Himmaryad's ghost
 60295 | Depths:3 | Found a one-way gateway to a ziggurat.
 61139 | Depths:3 | Identified the +2 pair of gloves "Tijuush" {+Blink rElec
                  | Str-2 Dex-3 Stlth+}
 61140 | Depths:3 | Identified the ring of Life {Fly rF- rC+ Will+}
 61144 | Depths:3 | Identified the +6 hand crossbow of Resourcefulness {venom,
                  | *Slow rPois rC- rN+++}
 61147 | Depths:3 | Identified the ring "Omesar" {*Slow rElec rCorr Stlth+}
 61306 | Depths:3 | Found a sparkling altar of Nemelex Xobeh.
 61565 | Depths:4 | Entered Level 4 of the Depths
 61590 | Depths:4 | Found a basalt altar of Yredelemnul.
 61593 | Depths:4 | Received a gift from Trog
 61595 | Depths:4 | Noticed Saint Roka
 61601 | Depths:4 | Killed Saint Roka
 62164 | Depths:4 | Noticed Boris
 62176 | Depths:4 | Killed Boris
 62579 | Depths:4 | Noticed a golden dragon
 62583 | Depths:4 | Killed a golden dragon
 62586 | Depths:4 | Noticed a golden dragon
 62593 | Depths:4 | Killed a golden dragon
 62597 | Depths:4 | Reached XP level 22. HP: 202/233 MP: 21/21
 62629 | Depths:4 | Noticed a golden dragon
 62643 | Depths:4 | Killed a golden dragon
 62666 | Depths:4 | Found a gate to the Realm of Zot.
 62877 | Depths:4 | Gained mutation: You are weak. (Str -2) [a neqoxec]
 62884 | Depths:4 | Gained mutation: You do not regenerate when monsters are
                  | visible. [a neqoxec]
 62892 | Depths:4 | Gained mutation: You are dopey. (Int -2) [a neqoxec]
 63277 | Depths:4 | Identified the +8 spear "Xipli" {vorpal, Int+4 Stlth+}
 63877 | Slime:1  | Entered Level 1 of the Pits of Slime
 63883 | Slime:1  | Gained mutation: You are very dopey. (Int -4) [a shining
                  | eye]
 63884 | Slime:1  | Gained mutation: You have hidden genetic defects. [a
                  | shining eye]
 64488 | Slime:4  | Received a gift from Trog
 64791 | Slime:5  | Entered Level 5 of the Pits of Slime
 64873 | Slime:5  | Noticed the Royal Jelly
 64889 | Slime:5  | Killed the Royal Jelly
 64894 | Slime:5  | Gained mutation: Your magical capacity is low. (-10% MP)
                  | [hidden defects]
 65116 | Slime:5  | Lost mutation: You are weak. (Str -2) [a shining eye]
 65120 | Slime:5  | Gained mutation: You are weak. (Str -2) [a shining eye]
 65304 | Slime:5  | Found the +5 robe of Night {Dark Will+ SInv}
 65315 | Slime:5  | Identified the ring of Botezykh {Ice Int+8}
 65345 | Slime:5  | Lost mutation: You are agile. (Dex +2) [a shining eye]
 65352 | Slime:5  | Identified the ring "Ysavarchu" {Fly rC+ MP+9 Int+5}
 65372 | Slime:5  | Got a slimy rune of Zot
 65721 | Slime:4  | Gained mutation: Your body sometimes deteriorates upon
                  | taking damage. [a shining eye]
 66235 | Zot:1    | Entered Level 1 of the Realm of Zot
 66528 | Zot:1    | Gained mutation: Your magical capacity is very low. (-20%
                  | MP) [hidden defects]
 66528 | Zot:1    | Lost mutation: You have hidden genetic defects. [hidden
                  | defects expressed]
 66644 | Zot:1    | Noticed a golden dragon
 66655 | Zot:1    | Killed a golden dragon
 66656 | Zot:1    | Lost intelligence.
 66669 | Zot:1    | Received a gift from Trog
 66679 | Zot:1    | HP: 8/233 [black draconian/+0 halberd (13)]
 66685 | Zot:1    | HP: 8/233 [green draconian/+3 war axe (7)]
 66686 | Zot:1    | Slain by a green draconian

Illustrated notes

Levels and vault maps discovered:
D:1:      dpeg_arrival_court, layout_loops_ring, nicolae_wormholes
D:2:      layout_loops_ring, basic_altar, ebering_dispersal_statue_hall,
          uniq_jessica, uniq_natasha
D:3:      layout_rooms, gammafunk_ghost_smash
D:4:      minmay_polygon_palace, layout_basic, fiery_altar_vehumet,
          mainiacjoe_overflow_big_doors
D:5:      layout_loops_ring, guppyfry_early_lair_pool
D:6:      layout_rooms, uniq_duvessa
D:7:      cheibrodos_barr_body, layout_rooms, minmay_temple_entry_trees
D:8:      layout_rooms
D:9:      nzn_winding_woodlands_small [nzn_winding_woodlands_5x15_pool,
          nzn_winding_woodlands_center_diamonds,
          nzn_winding_woodlands_5x15_crooked], layout_irregular_city,
          grunt_temple_overflow_diamond, kennysheep_generic_room_8
D:10:     statuecave_lemuel, layout_basic, uniq_nergalle
D:11:     layout_loops_ring, david_lair_generic, gauntlet_entry_generic,
          serial_shops, shop
D:12:     layout_basic, david_orc_2, portal_ice_cave_demonic_guard, minivault_13
D:13:     minmay_wizard_corner, layout_loops_cross, gammafunk_ghost_stat_death,
          minivault_16, kb_tengu_band
D:14:     gammafunk_jiyva_shrine, layout_gridville, erik_vaults_1,
          hellmonk_bongcloud_opening, minivault_16, uniq_jorgrun, uniq_rupert
D:15:     gammafunk_enter_depths_forms, layout_loops_corners,
          kiku_gazebo_garden_becter
Temple:   nicolae_temple_x_marks_the_god
Lair:1:   layout_gridlike, ldierk_geyser, mumra_transporter_accident,
          lemuel_oklob_altar, grunt_megastairs_3, infiniplex_staircase_pool_2
Lair:2:   regret_index_bee_streams, layout_misc_corridors, serial_bayou_shore_a
Lair:3:   dreamdust_isle_of_ice, layout_small_grid, beast_lair_carwin_10
Lair:4:   layout_misc_corridors, minmay_shoals_entry_beasts, dummy_snake_entry,
          gammafunk_ghost_hydra_chop, kilobyte_rumbling_trees,
          grunt_megastairs_4
Lair:5:   gammafunk_worm_tunnel, layout_loops_ring,
          minmay_slime_entry_oklob_open, grunt_megastairs_5
Lair:6:   minmay_lair_end_enchanted_forest, layout_regular_city,
          serial_bayou_lagoon_a, nicolae_lair_lakeside_cave,
          lemuel_fruit_fields, serial_bayou_shore_b
Shoals:1: layout_shoals, nicolae_shoals_undead_eyrie, uniq_donald,
          uniq_josephine
Shoals:2: layout_shoals, nicolae_shoals_secluded_bog
Shoals:3: layout_shoals, st_sunken_huts
Shoals:4: shoals_end_grunt_ice, layout_shoals, serial_shops, shop_statue,
          uniq_mara
Snake:1:  layout_honeycomb, serial_shops, nicolae_shop_statue_plus,
          hangedman_corner_corridor, uniq_aizul, uniq_louise
Snake:2:  layout_cave_pods, nicolae_shop_unique_rings
Snake:3:  layout_grid_shapes, nicolae_snake_round_shape_thing,
          guppyfry_library_mini, grunt_megastairs_2, uniq_kirke
Snake:4:  grunt_snake_rune_pools, layout_onion_interference, basic_altar
Slime:1:  layout_caves
Slime:2:  layout_caves
Slime:3:  layout_caves
Slime:4:  cheibrodos_slime_lost_civilization_8, layout_caves, basic_altar
Slime:5
Orc:1:    layout_diamond_mine, nicolae_shop_clearance, uniq_fannar
Orc:2:    st_orc_open, layout_caves, serial_shops, nicolae_shop_behind_doors
Vaults:1: nicolae_vaults_back_hallway, hangedman_vaults_locks, vaults_room_grid,
          nicolae_vaults_windows_and_doors_thing, vaults_dpeg_cross,
          grunt_vaults_focal, ontoclasm_vaults_gallery, ontoclasm_vaults_tryst,
          layout_vaults_omnigrid
Vaults:2: ontoclasm_vaults_bender, minmay_crypt_entry_simple_box, v_misc_5,
          v_misc_12, nicolae_vaults_network_periphery, v_rooms_4,
          nicolae_vaults_asterisk, grunt_vaults_diagonal, v_misc_27,
          nicolae_vaults_gold_heap, ontoclasm_vaults_chip, vaults_dpeg_ring,
          ontoclasm_vaults_loading_screen, layout_vaults_chaotic_city
Vaults:3: v_alt_pattern_5, nicolae_vaults_mini_display_case,
          hangedman_vaults_slice, v_misc_19, v_misc_12, hangedman_vaults_nodes,
          v_misc_5, ontoclasm_vaults_misaligned, vaults_room_mumra_shop_pool,
          ontoclasm_vaults_decontamination, serial_ice_h, vaults_room_grid,
          layout_vaults_omnibox
Vaults:4: v_misc_18, v_alt_pattern_2, hangedman_vaults_hard_town_square,
          hangedman_vaults_restitches, hangedman_vaults_stretched_pinwheel,
          v_rooms_2, v_misc_18, hangedman_vaults_trim,
          vaults_mumra_chevron_long, ontoclasm_vaults_hangar,
          hangedman_vaults_stretched_pinwheel, ontoclasm_vaults_idyll,
          layout_vaults_omnicross
Depths:1: minmay_the_grid_triangle_9x9_recursive_2_mashed
          [minmay_the_grid_triangle_9x9_prize_center,
          minmay_the_grid_triangle_9x9_tough_junction,
          minmay_the_grid_triangle_9x9_minimal,
          minmay_the_grid_triangle_9x9_negative_grid], layout_basic,
          abyss_entry, hell_entry, nicolae_specific_store,
          beargit_elvish_explorers, infiniplex_staircase_pool_lava
Depths:2: mu_elemental_laboratory, layout_cave_pools, hangedman_geh_valley,
          pan_entry, nicolae_lava_and_water, minmay_staircase_windowed_small
Depths:3: minmay_haunted_quarter, layout_cave_pools, enter_ziggurat_e,
          ebering_ghost_rock_garden, grunt_hell_entry_dis_old,
          abyss_entry_glasseish, nemelex_lonely_heart_becter
Depths:4: evilmike_zot_entry_hall, layout_basic, yredelemnul_altar_generic,
          grunt_hell_entry_demonic_statue, serial_bayou_shore_b, uniq_boris,
          uniq_saint_roka
Zot:1:    layout_basic

Skill      XL: |  1  2  3  4  5  6  7  8  9 10 11 12 13 14 15 16 17 18 19 20 21 22 |
---------------+-------------------------------------------------------------------+-----
Fighting       | 4 5 6 7 9 10 12 13 15 17 18 20 21 22 23 25 26 27 | 27.0
Axes           | 4 5 6 7 9 10 12 14 15 17 18 20 21 22 23 24 | 24.0
Armour         | 3 4 5 6 7 8 9 11 12 13 14 15 17 18 | 18.9
Dodging        | 3 4 5 6 7 9 10 11 12 13 14 15 16 18 | 18.3
Evocations     | 4 7 10 12 15 16 17 | 17.7

Action                   |  1- 3 |  4- 6 |  7- 9 | 10-12 | 13-15 | 16-18 | 19-21 | 22-24 || total
-------------------------+-------+-------+-------+-------+-------+-------+-------+-------++-------
Melee: Hand axe          |    40 |   107 |    17 |       |       |       |       |       ||   164
       Headbutt          |     7 |    18 |    35 |    95 |   198 |   255 |   315 |    92 ||  1015
       Punch             |       |     1 |       |       |       |       |       |       ||     1
       Battleaxe         |       |       |   163 |   445 |   874 |   306 |       |       ||  1788
       War axe           |       |       |    11 |       |       |       |       |       ||    11
       Executioner's axe |       |       |       |       |       |   917 |  1043 |   344 ||  2304
Invok: Berserk           |     1 |     2 |     2 |    10 |     6 |     5 |     5 |     1 ||    32
       Trog's Hand       |       |     1 |       |     2 |     3 |     4 |     4 |     2 ||    16
       Brothers in Arms  |       |       |       |     2 |     5 |     7 |     5 |     1 ||    20
Evoke: Wand              |       |       |       |       |    17 |    23 |       |       ||    40
       Piece from Xom's  |       |       |       |       |       |     1 |       |       ||     1
  Use: Scroll            |       |       |       |    14 |    13 |    20 |     6 |     4 ||    57
       Potion            |       |       |       |       |       |    13 |     4 |     4 ||    21
 Stab: Paralysed         |       |       |       |       |       |     1 |       |       ||     1
Armor: Animal skin       |     5 |     5 |       |       |       |       |       |       ||    10
       Plate armour      |       |    20 |   125 |   197 |       |       |       |       ||   342
       Crystal plate arm |       |       |       |    23 |   474 |   769 |   544 |   209 ||  2019
Dodge: Dodged            |    28 |    70 |   102 |   377 |   438 |   815 |   552 |   205 ||  2587
       Repelled          |       |       |       |       |       |    56 |     6 |    14 ||    76
Block: Other             |       |       |       |    34 |   173 |   313 |   179 |    70 ||   769
       Reflection        |       |       |       |     1 |     5 |    43 |    19 |       ||    68
